 Dungeon Crawl Stone Soup version 0.31-a0-486-g8d68a81214 (webtiles) character file.

Game seed: 6737441909049311957

3461 pokeman the Thaumaturge (level 9, -6/49 HPs)
             Began as a Deep Elf Hedge Wizard on Aug 8, 2023.
             Was a Follower of Vehumet.
             Mangled by an orc warlord
             ... wielding a +6 battleaxe
              (31 damage)
             ... in a bailey.
             The game lasted 00:18:37 (7471 turns).

pokeman the Thaumaturge (Deep Elf Hedge Wizard)     Turns: 7471, Time: 00:18:38

Health: -6/49      AC:  4    Str:  7    XL:     9   Next: 78%
Magic:  16/28      EV: 12    Int: 24    God:    Vehumet [*.....]
Gold:   458        SH:  0    Dex: 14    Spells: 26/34 levels left

rFire   + . .        e - +0 arbalest
rCold   . . .        (shield currently unavailable)
rNeg    . . .        C - +0 leather armour {Will+}
rPois   .            f - +1 hat
rElec   .            (no cloak)
rCorr   .            (no gloves)
SInv    +            (no boots)
Will    +....        (no amulet)
Stlth   ++           y - ring of protection from fire
HPRegen 0.28/turn    b - ring of see invisible
MPRegen 0.21/turn

%: no passive effects
@: on blink cooldown, very slightly contaminated
A: no striking features
a: Renounce Religion


You were in a bailey.
You worshipped Vehumet.
Vehumet was aware of your devotion.
You visited 2 branches of the dungeon, and saw 9 of its levels.
You also visited: Sewer and Bailey.

You collected 458 gold pieces.

Inventory:

Hand Weapons
 e - a +0 arbalest (weapon)
 j - a +2 dagger of electrocution
Armour
 f - a +1 hat (worn)
 i - the +0 ring mail of the Six People {rC+}
   (You found it on level 2 of the Dungeon)

   rC:        It protects you from cold.
 C - a +0 leather armour of willpower (worn)
 H - a +0 buckler
Jewellery
 b - a ring of see invisible (right hand)
 y - a ring of protection from fire (left hand)
Wands
 u - a wand of flame (44)
 D - a wand of roots (20)
 I - a wand of charming (10)
Scrolls
 c - a scroll of enchant armour {unknown}
 g - a scroll of immolation {unknown}
 h - a scroll of enchant weapon {unknown}
 k - 5 scrolls of identify {unknown}
 l - a scroll of brand weapon {unknown}
 n - 5 scrolls of teleportation {unknown}
 r - a scroll of blinking {unknown}
 s - 2 scrolls of fog {unknown}
 t - 2 scrolls of vulnerability {unknown}
 x - a scroll of amnesia {unknown}
 z - a scroll of poison {unknown}
 F - a scroll of summoning {unknown}
 G - a scroll of revelation {unknown}
 K - a scroll of fear {unknown}
Potions
 a - 3 potions of ambrosia {unknown}
 d - 2 potions of magic
 m - 2 potions of invisibility {unknown}
 o - 4 potions of brilliance {unknown}
 p - 4 potions of haste {unknown}
 q - 5 potions of might {unknown}
 v - a potion of curing {unknown}
 w - a potion of attraction {unknown}
 A - a potion of enlightenment {unknown}
 B - a potion of mutation {unknown}
 E - a potion of berserk rage {unknown}
 L - a potion of heal wounds {unknown}
 M - a potion of resistance {unknown}
Miscellaneous
 J - a phantom mirror


   Skills:
 + Level 2.6 Fighting
 - Level 3.0 Armour
 - Level 3.0 Dodging
 - Level 3.0 Stealth
 - Level 3.1 Shields
 * Level 13.1 Spellcasting
 + Level 7.4 Conjurations
 - Level 1.1 Summonings
 - Level 1.1 Translocations
 - Level 1.3 Air Magic
 - Level 1.0 Poison Magic
 - Level 2.0 Evocations


You had 26 spell levels left.
You knew the following spells:

 Your Spells              Type           Power      Damage    Failure   Level
a - Magic Dart            Conj           100%       1d8       1%          1
b - Mephitic Cloud        Conj/Pois/Air  31%        N/A       4%          3
c - Call Imp              Summ           42%        N/A       5%          2
d - Blink                 Tloc           42%        N/A       5%          2

Your spell library contained the following spells:

 Spells                   Type           Power      Damage    Failure   Level
 Kiss of Death            Conj/Necr      100%       2d13      1%          1
 Static Discharge         Conj/Air       72%        2-5/arc   1%          2
 Summon Small Mammal      Summ           84%        N/A       3%          1
 Slow                     Hex            60%        N/A       5%          1
 Cigotuvi's Dreadful Rot  Necr/Pois/Air  38%        N/A       6%          2
 Ensorcelled Hibernation  Hex/Ice        30%        N/A       9%          2
 Call Canine Familiar     Summ           21%        N/A       11%         3
 Summon Guardian Golem    Hex/Summ       18%        N/A       13%         3
 Airstrike                Air            11%        2d(2-18)  32%         4
 Summon Lightning Spire   Summ/Air       21%        N/A       34%         4
 Anguish                  Hex/Necr       7%         N/A       50%         4


Dungeon Overview and Level Annotations

Branches:
Dungeon (8/15)             Temple (1/1) D:6           Sewer (visited)
 Bailey (1/1)
   Lair: D:8-11

Altars:
Ashenzari
Cheibriados
Dithmenos
Elyvilon
Fedhas
Gozag
Hepliaklqana
Makhleb
Nemelex Xobeh
Okawaru
Qazlal
Ru
Sif Muna
Trog
Uskayaw
Vehumet
Wu Jian
Xom
Yredelemnul
Zin
The Shining One

Annotations:
D:3 Gold behind grate


Message History

Confirm with . or Enter, or press ? or * to list all spells.
Aiming: Mephitic Cloud (dangerous; 4% risk of failure)
Press: ? - help, Shift-Dir - straight line You miscast Mephitic Cloud.
You are very lightly contaminated with residual magic.
Nothing appears to happen.
Casting: Mephitic Cloud (dangerous; 4% risk of failure)
Confirm with . or Enter, or press ? or * to list all spells.
Aiming: Mephitic Cloud (dangerous; 4% risk of failure)
Press: ? - help, Shift-Dir - straight line, f - orc warlord
Aim: an orc warlord, wielding a +6 battleaxe and wearing a +0 plate armour (chance to affect: 29%)
The ball explodes into a vile cloud!
The stinking cloud engulfs the orc warlord but does no damage.
The orc warlord is engulfed in noxious fumes.
Unknown command.
Casting: Mephitic Cloud (dangerous; 4% risk of failure)
Confirm with . or Enter, or press ? or * to list all spells.
You blink.
The orc warlord is engulfed in noxious fumes.
Unknown command.
The orc warlord attacks as you move away!
The orc warlord hits you with a +6 battleaxe!!
Ouch! That really hurt!
The orc warlord is engulfed in noxious fumes.
Casting: Blink (safe; 5% risk of failure)
Confirm with . or Enter, or press ? or * to list all spells.
You are still too unstable to blink.
You feel stable enough to blink again.
Casting: Blink (safe; 5% risk of failure)
Confirm with . or Enter, or press ? or * to list all spells.
You blink.
Casting: Blink (safe; 5% risk of failure)
Confirm with . or Enter, or press ? or * to list all spells.
Aiming: Mephitic Cloud (dangerous; 4% risk of failure)
Press: ? - help, Shift-Dir - straight line, f/p - orc warlord
Aim: an orc warlord, wielding a +6 battleaxe and wearing a +0 plate armour (chance to affect: 29%)
You miscast Mephitic Cloud.
Nothing appears to happen.
The orc warlord hits you with a +6 battleaxe!!
Ouch! That really hurt!
You die...

()#.........##≈≈♣
)~#..).......#≈≈♣
..'....8..8..#≈≈♣
#####........#≈≈♣
#~~~##......##≈≈♣
...=~#.....##...♣
...!~#....##....♣
.8.8##...)#....o♣♣
....#.....')....@♣
....#.....'..().∩♣
....#.....')..)..♣
.8.8##...(#..°..♣♣
...?~#....##....♣
...)~#.....##...♣
#~~~##......##≈≈♣
#####........#≈≈♣
..'....8..8..#≈≈♣


You could see an orc warlord.

Vanquished Creatures
  2 two-headed ogres (D:7)
  A water moccasin (D:7)
  4 orc warriors
  A black bear (D:4)
  2 boggarts (D:7)
  A centaur (D:5)
  A phantom (D:7)
  A kobold brigand (Sewer)
  2 bullfrogs (D:7)
  A scorpion (D:5)
  5 wights (D:7)
  A killer bee (D:8)
  A howler monkey (D:6)
  A crimson imp (D:5)
  3 hounds
  2 gnoll boudas
  2 orc priests
  An iguana (D:4)
  3 orc wizards (D:7)
  11 gnolls
  3 river rats
  17 adders
  A white imp (D:5)
  4 worms
  5 dart slugs
  19 orcs
  7 endoplasms
  A giant cockroach (D:1)
  11 goblins
  8 hobgoblins
  6 jackals
  17 kobolds
  6 ball pythons
  6 bats
  9 frilled lizards
  11 rats
177 creatures vanquished.

Vanquished Creatures (collateral kills)
  A killer bee (D:8)
1 creature vanquished.

Grand Total: 178 creatures vanquished

Notes
Turn   | Place    | Note
-------+----------+-------------------------------------------
     0 | D:1      | pokeman the Deep Elf Hedge Wizard began the quest for the
                  | Orb.
     0 | D:1      | Reached XP level 1. HP: 10/10 MP: 7/7
   241 | D:1      | Reached XP level 2. HP: 16/16 MP: 9/9
   320 | D:1      | Noticed an eye of devastation
   321 | D:1      | Found a faded altar of an unknown god.
   331 | D:1      | Noticed a shining eye
   332 | D:1      | Noticed a shining eye
   332 | D:1      | Noticed a shining eye
   380 | D:1      | Reached skill level 5 in Spellcasting
   472 | D:1      | Reached XP level 3. HP: 11/20 MP: 11/11
   482 | D:1      | Learned a level 3 spell: Mephitic Cloud
   485 | D:1      | Learned a level 2 spell: Call Imp
   488 | D:1      | Learned a level 2 spell: Blink
   826 | D:2      | Reached skill level 1 in Fighting
   826 | D:2      | Reached skill level 1 in Armour
   871 | D:2      | Identified the +0 ring mail of the Six People {rC+}
   919 | D:2      | Reached XP level 4. HP: 25/25 MP: 8/13
  1478 | D:3      | Reached skill level 6 in Spellcasting
  1489 | D:3      | Reached XP level 5. HP: 29/29 MP: 6/15
  1567 | D:3      | Found a glowing drain.
  1574 | Sewer    | Entered a sewer
  1887 | Sewer    | Reached skill level 1 in Poison Magic
  1990 | Sewer    | Reached skill level 1 in Air Magic
  1990 | Sewer    | Reached XP level 6. HP: 34/34 MP: 15/17
  2322 | D:3      | Found a shimmering blue altar of Sif Muna.
  2618 | D:3      | Found a glowing silver altar of Zin.
  2797 | D:3      | Found an ornate altar of the Wu Jian Council.
  2928 | D:4      | Reached skill level 7 in Spellcasting
  3287 | D:4      | Reached XP level 7. HP: 28/40 MP: 20/20
  3343 | D:4      | Found a blossoming altar of Fedhas.
  3514 | D:5      | Entered Level 5 of the Dungeon
  3538 | D:5      | Found a white marble altar of Elyvilon.
  3774 | D:5      | Reached skill level 8 in Spellcasting
  4299 | D:6      | Found a staircase to the Ecumenical Temple.
  4308 | Temple   | Entered the Ecumenical Temple
  4337 | Temple   | Became a worshipper of Vehumet
  4487 | D:6      | Reached skill level 9 in Spellcasting
  4748 | D:6      | Found a basalt altar of Yredelemnul.
  4800 | D:6      | Reached skill level 1 in Evocations
  4800 | D:6      | Reached XP level 8. HP: 14/44 MP: 20/23
  5142 | D:7      | Found a hazy altar of Hepliaklqana.
  5201 | D:7      | Found a sparkling altar of Nemelex Xobeh.
  5572 | D:7      | Found a bloodstained altar of Trog.
  5575 | D:7      | Reached skill level 5 in Conjurations
  5813 | D:7      | Reached skill level 10 in Spellcasting
  6077 | D:7      | Reached skill level 1 in Shields
  6078 | D:7      | Reached * piety under Vehumet
  6078 | D:7      | Offered knowledge of Kiss of Death by Vehumet.
  6306 | D:7      | Noticed a two-headed ogre
  6319 | D:7      | Killed a two-headed ogre
  6320 | D:7      | Reached skill level 11 in Spellcasting
  6320 | D:7      | Reached XP level 9. HP: 48/48 MP: 19/26
  6321 | D:7      | Noticed a two-headed ogre
  6770 | D:7      | Killed a two-headed ogre
  6771 | D:7      | Reached skill level 12 in Spellcasting
  7027 | D:8      | Found a flagged portal.
  7044 | Bailey   | Entered a bailey
  7130 | Bailey   | Noticed an orc warlord
  7239 | Bailey   | Reached skill level 13 in Spellcasting
  7311 | Bailey   | Found a runed translucent gate.
  7314 | Bailey   | Found a runed translucent gate.
  7315 | Bailey   | Found a runed translucent gate.
  7471 | Bailey   | Mangled by an orc warlord

Illustrated notes

Levels and vault maps discovered:
D:1:      dpeg_arrival_ratfight, layout_rooms,
          hellmonk_ecumenical_altar_watching_god, nicolae_grassy_gnolls
D:2:      layout_basic
D:3:      layout_loops_ring, zin_treasury, mainiacjoe_overflow_chevrons,
          nicolae_wu_jian_immortal_techniques, lightli_sewer_entry_pipes,
          hangedman_decor_riveting, chequers_mini_garden
D:4:      layout_rooms, fedhas_altar_fruit_tree, chequers_jeans
D:5:      layout_rooms, amcnicky_altar_gilded, minmay_fire_ice_demons
D:6:      minmay_klotski, layout_rooms, kennysheep_mini_moat,
          minmay_temple_entry_crystal_x
D:7:      layout_layer_cave, mainiacjoe_overflow_tiny_flanked,
          lemuel_doored_altar, bloody_trog, grunt_ministairs_12,
          corexii_checkpoint_b, nicolae_phantomly_mirrored
D:8:      layout_rooms, enter_bailey_3, serial_shops, shop, uniq_pikel
Temple:   nicolae_temple_godzebo
Bailey:   bailey_axe_bossmonster_kennysheep, bailey

Skill      XL: |  1  2  3  4  5  6  7  8  9 |
---------------+----------------------------+-----
Spellcasting   | 5 6 7 9 11 13 | 13.1
Fighting       | 1 2 |  2.6
Armour         | 1 2 3 |  3.0
Conjurations   | 2 3 4 6 7 |  7.4
Stealth        | 3 |  3.0
Dodging        | 3 |  3.0
Poison Magic   | 1 |  1.0
Air Magic      | 1 |  1.3
Evocations     | 1 2 |  2.0
Shields        | 2 3 |  3.1
Summonings     | |  1.1
Translocations | |  1.1

Action                     |  1- 3 |  4- 6 |  7- 9 || total
---------------------------+-------+-------+-------++-------
  Melee: Dagger            |     4 |       |       ||     4
   Fire: Arbalest          |    50 |   121 |   191 ||   362
   Cast: Magic Dart        |    22 |    37 |    75 ||   134
         Mephitic Cloud    |     1 |     8 |    26 ||    35
         Blink             |       |     1 |     4 ||     5
         Call Imp          |       |       |     1 ||     1
 Armour: Robe              |    17 |    14 |     2 ||    33
         Leather armour    |       |       |    22 ||    22
  Dodge: Dodged            |    43 |    58 |    85 ||   186

Table legend: (Time is in decaauts)
 A = Elapsed time spent in this place.
 B = Non-inter-level travel time spent in this place.
 C = Inter-level travel time spent in this place.
 D = Time resting spent in this place.
 E = Time spent auto-exploring this place.
 F = Levels seen in this place.
 G = Mean time per level.
                   A        B        C        D        E       F      G
               +--------+--------+--------+--------+--------+-----+--------+
         Total |   7996 |   7665 |    331 |    369 |   5669 |  11 |  726.9 |
       Dungeon |   6592 |   6289 |    303 |    333 |   4680 |   8 |  824.0 |
        Temple |     58 |     30 |     28 |      0 |      0 |   1 |   58.0 |
         Sewer |    865 |    865 |      0 |      0 |    732 |   1 |  865.0 |
        Bailey |    479 |    479 |      0 |     36 |    256 |   1 |  479.0 |
               +--------+--------+--------+--------+--------+-----+--------+

Top non-repeatable levels by time:
     D:7: 1791 daAuts
     D:6: 1000 daAuts
     D:3: 956 daAuts
   Sewer: 865 daAuts
     D:5: 792 daAuts
     D:2: 705 daAuts
     D:1: 682 daAuts
     D:4: 638 daAuts
  Bailey: 479 daAuts
  Temple: 58 daAuts
     D:8: 25 daAuts
